 Dungeon Crawl Stone Soup version 0.27-a0-1331-g60ef6b6952 (webtiles) character file.

Game seed: 6801285957909400278

241 Delamore the Poker (level 6, -2/50 HPs)
             Began as a Formicid Fighter on June 24, 2021.
             Was an Initiate of Gozag.
             Slain by a killer bee (8 damage)
             ... on level 4 of the Dungeon.
             The game lasted 00:03:55 (3305 turns).

Delamore the Poker (Formicid Fighter)               Turns: 3305, Time: 00:03:56

Health: -2/50      AC:  8    Str: 23    XL:     6   Next: 30%
Magic:  6/6        EV:  9    Int:  7    God:    Gozag
Gold:   90         SH:  4    Dex: 10    Spells: 5/5 levels left

rFire    . . .     SeeInvis +   a - +0 trident (flame)
rCold    . . .     Faith    .   i - +0 buckler
rNeg     . . .     Spirit   .   b - +0 scale mail
rPois    .         Reflect  .   (helmet unavailable)
rElec    .         Harm     .   k - +0 cloak
rCorr    .         Rampage  .   (no gloves)
Will     .....                  (no boots)
Stlth    ..........             (no amulet)
HPRegen  0.16/turn              (no ring)
MPRegen  0.10/turn              (no ring)

@: no status effects
A: permanent stasis, dig shafts and tunnels, antennae 3, four strong arms
a: Dig, Shaft Self, Renounce Religion, Potion Petition, Call Merchant, Bribe
Branch


You were on level 4 of the Dungeon.
You worshipped Gozag.
Gozag was noncommittal.
You visited 2 branches of the dungeon, and saw 5 of its levels.

You collected 122 gold pieces.
You paid 32 gold pieces to Gozag.

Inventory:

Hand Weapons
 a - a +0 trident of flaming (weapon)
Armour
 b - a +0 scale mail (worn)
 c - a +0 kite shield
 i - a +0 buckler (worn)
 k - a +0 cloak (worn)
Scrolls
 e - 2 scrolls of identify
 f - 3 scrolls of amnesia
 m - a scroll of enchant weapon {unknown}
Potions
 d - a potion of might
 h - 2 potions of brilliance
 j - 3 potions of lignification
 l - a potion of cancellation


   Skills:
 + Level 4.9 Fighting
 * Level 5.2 Polearms
 - Level 3.2 Armour
 - Level 3.6 Shields


You had 5 spell levels left.
You didn't know any spells.
Your spell library contained the following spells:

 Spells                   Type           Power      Damage    Failure   Level
 Magic Dart               Conj           0%         1d3       75%         1
 Call Imp                 Summ           0%         N/A       86%         2
 Slow                     Hex            0%         N/A       86%         2
 Conjure Flame            Conj/Fire      0%         6-21      98%         3
 Mephitic Cloud           Conj/Pois/Air  0%         N/A       98%         3
 Blink                    Tloc           Unusable   N/A       N/A         2

Dungeon Overview and Level Annotations

Branches:
Dungeon (4/15)             Temple (1/1) D:4

Altars:
Ashenzari
Cheibriados
Gozag
Kikubaaqudgha
Nemelex Xobeh
Ru
Sif Muna
Trog
Uskayaw
Yredelemnul


Innate Abilities, Weirdness & Mutations

You cannot be hasted, slowed, berserked, paralysed or teleported.
You can dig through walls and to a lower floor.
You have a pair of large antennae on your head. (SInv)
Your four strong arms can wield two-handed weapons with a shield.


Message History

The killer bee is moderately wounded.
The killer bee stings you.
You are poisoned.
The killer bee poisons you! The killer bee stings you.
You are more poisoned.
The killer bee poisons you! The killer bee stings you.
The killer bee barely misses you. You block the killer bee's attack.
The killer bee completely misses you.
You hit the killer bee but do no damage.
The killer bee is moderately wounded.
You feel very sick. The killer bee barely misses you.
The killer bee stings you.
You are more poisoned.
The killer bee poisons you! The killer bee barely misses you.
The killer bee stings you. x3
You closely miss the killer bee.
The killer bee is moderately wounded.
You feel very sick. The killer bee barely misses you.
The killer bee stings you.
You are lethally poisoned!
The killer bee poisons you! The killer bee stings you!
* * * LOW HITPOINT WARNING * * *
The killer bee stings you.
* * * LOW HITPOINT WARNING * * *
The killer bee closely misses you. The killer bee stings you.
* * * LOW HITPOINT WARNING * * *
You are more poisoned.
The killer bee poisons you!
You are too injured to fight recklessly!
You are too injured to fight recklessly!
You are too injured to fight recklessly!
You are too injured to fight recklessly!
You are too injured to fight recklessly!
You are too injured to fight recklessly!
You are too injured to fight recklessly!
It was a potion of curing.
You feel better.
The killer bee stings you but does no damage.
The killer bee stings you!
You die...
Your body crumbles into a pile of gold.

## ###### #.##
####...## ##..####
#.......#
#......####..†..#..
##........#......##.
###...................
#..........#..#.......
##.#y......#..........
{ #.@..#####.........
#yy..#.............
#.##...............
.......##...##.#...#<
#..<........##.......
#......##.####....##.
......###............
....... #.............
...... ##............


You could see 3 killer bees.

Vanquished Creatures
  An ogre (D:3)
  An orc wizard (D:3)
  3 adders
  6 worms
  A dart slug (D:1)
  4 orcs
  10 ball pythons
  6 endoplasms
  3 giant cockroaches (D:2)
  4 goblins
  6 hobgoblins
  9 jackals
  A quokka (D:3)
  6 bats
  A frilled lizard (D:1)
  9 kobolds
  8 rats
79 creatures vanquished.

Notes
Turn   | Place    | Note
-------+----------+-------------------------------------------
     0 | D:1      | Delamore the Formicid Fighter began the quest for the Orb.
     0 | D:1      | Reached XP level 1. HP: 18/18 MP: 1/1
    57 | D:1      | Reached XP level 2. HP: 20/24 MP: 2/2
   447 | D:1      | Reached XP level 3. HP: 29/30 MP: 3/3
   628 | D:2      | Reached skill level 3 in Polearms
  1227 | D:2      | Found a faded altar of an unknown god.
  1292 | D:2      | Reached XP level 4. HP: 37/37 MP: 4/4
  1417 | D:2      | Found a hide-covered altar of Uskayaw.
  2085 | D:3      | Reached skill level 4 in Polearms
  2085 | D:3      | Reached XP level 5. HP: 31/42 MP: 5/5
  2720 | D:4      | Noticed an ogre
  2738 | D:3      | Killed an ogre
  2739 | D:3      | Reached skill level 5 in Polearms
  2739 | D:3      | Reached XP level 6. HP: 30/49 MP: 6/6
  2941 | D:4      | Identified the +7 arbalest "Aptaegue" {elec, Int+3}
  3053 | D:4      | Found a staircase to the Ecumenical Temple.
  3120 | Temple   | Entered the Ecumenical Temple
  3202 | Temple   | Became a worshipper of Gozag Ym Sagoz the Greedy
  3304 | D:4      | HP: 1/50 [killer bee (4)]
  3305 | D:4      | Slain by a killer bee

Illustrated notes

Levels and vault maps discovered:
D:1:      matt_arrival_diagonals, layout_rooms
D:2:      layout_basic, basic_altar, ebering_ecumenical_altar_webs,
          kennysheep_generic_room_16
D:3:      layout_basic
D:4:      layout_cave_pools, minmay_temple_entry_offerings,
          amcnicky_mini_corridor_feature
Temple:   dpeg_five_rooms_temple

Skill      XL: |  1  2  3  4  5 |
---------------+----------------+-----
Polearms       | 3 4 5 |  5.2
Fighting       | 4 |  4.9
Armour         | |  3.2
Shields        | |  3.6

Action                   |  1- 3 |  4- 6 || total
-------------------------+-------+-------++-------
Melee: Trident           |   106 |   146 ||   252
  Use: Scroll            |       |     9 ||     9
       Potion            |       |     1 ||     1
Armor: Scale mail        |    33 |    45 ||    78
Dodge: Dodged            |    33 |    54 ||    87
Block: Kite shield       |    10 |       ||    10
       Buckler           |     7 |    27 ||    34

Table legend: (Time is in decaauts)
 A = Elapsed time spent in this place.
 B = Non-inter-level travel time spent in this place.
 C = Inter-level travel time spent in this place.
 D = Time resting spent in this place.
 E = Time spent auto-exploring this place.
 F = Levels seen in this place.
 G = Mean time per level.
                   A        B        C        D        E       F      G
               +--------+--------+--------+--------+--------+-----+--------+
         Total |   3342 |   3152 |    190 |    489 |   2130 |   5 |  668.4 |
       Dungeon |   3207 |   3073 |    134 |    489 |   2054 |   4 |  801.8 |
        Temple |    134 |     78 |     56 |      0 |     76 |   1 |  134.0 |
               +--------+--------+--------+--------+--------+-----+--------+

Top non-repeatable levels by time:
     D:2: 1177 daAuts
     D:3: 1077 daAuts
     D:1: 623 daAuts
     D:4: 329 daAuts
  Temple: 134 daAuts
